 Dungeon Crawl Stone Soup version 0.28.0-53-g5a82cb258f (webtiles) character file.

Game seed: 16467403963711468540

91 Descartes the Chopper (level 4, -9/35 HPs)
             Began as a Demonspawn Monk on June 11, 2022.
             Killed by divine providence
             ... invoked by an orc priest
              (11 damage)
             ... on level 3 of the Dungeon.
             The game lasted 00:05:03 (2186 turns).

Descartes the Chopper (Demonspawn Monk)             Turns: 2186, Time: 00:05:03

Health: -9/35      AC:  5    Str: 19    XL:     4   Next: 34%
Magic:  5/5        EV: 16    Int: 12    God:
Gold:   69         SH:  0    Dex: 15    Spells: 3/3 levels left

rFire   . . .      SeeInvis .   a - +0 hand axe
rCold   . . .      Faith    .   (no shield)
rNeg    . . .      Spirit   .   b - +0 robe
rPois   .          Reflect  .   (no helmet)
rElec   .          Harm     .   (no cloak)
rCorr   .          Rampage  .   (no gloves)
Will    .....                   d - +2 pair of boots
Stlth   ++........              (no amulet)
HPRegen 0.11/turn               e - +4 ring of evasion
MPRegen 0.09/turn               l - +6 ring of strength

@: no status effects
A: claws 2, demonic guardian 1
a: no special abilities


You were on level 3 of the Dungeon.
You visited 1 branch of the dungeon, and saw 3 of its levels.

You collected 69 gold pieces.

Inventory:

Hand Weapons
 a - a +0 hand axe (weapon)
Missiles
 f - 29 bolts
 h - 57 stones (quivered)
 k - 18 arrows
Armour
 b - a +0 robe (worn)
 d - a +2 pair of boots (worn)
Jewellery
 e - a +4 ring of evasion (left claw)
 l - a +6 ring of strength (right claw)
Wands
 i - a wand of acid (12)
Scrolls
 c - 2 scrolls of identify {unknown}
 g - a scroll of teleportation {unknown}
Potions
 j - a potion of resistance {unknown}


   Skills:
 - Level 3.0 Fighting
 + Level 4.0 Axes
 - Level 2.6 Dodging
 - Level 1.7 Stealth
 - Level 2.2 Invocations
 - Level 1.6 Evocations


You had 3 spell levels left.
You didn't know any spells.
Your spell library contained the following spells:

 Spells                   Type           Power      Damage    Failure   Level
 Scorch                   Fire           0%         2d5       45%         2
 Flame Wave               Conj/Fire      0%         2d4       97%         4
 Summon Cactus Giant      Summ           0%         N/A       100%        6


Dungeon Overview and Level Annotations

Branches:
Dungeon (3/15)

Altars:


Innate Abilities, Weirdness & Mutations

You have very sharp fingernails.
A weak demonic guardian rushes to your aid.


Message History

You hit the orc priest.
The orc priest is moderately wounded.
The orc priest hits you but does no damage.
The orc priest barely misses you.
You closely miss the orc priest.
The orc priest is moderately wounded.
The orc priest hits you but does no damage.
You barely miss the orc priest.
The orc priest is moderately wounded.
The orc priest hits you with a +0 club.
You hit the orc priest but do no damage.
The orc priest is moderately wounded.
The orc priest barely misses you.
You barely miss the orc priest.
The orc priest is moderately wounded.
The orc priest closely misses you.
You hit the orc priest.
The orc priest is heavily wounded.
The orc priest closely misses you.
You hit the orc priest but do no damage.
The orc priest is heavily wounded.
The orc priest hits you with a +0 club.
You hit the orc priest but do no damage.
The orc priest is heavily wounded.
The orc priest hits you but does no damage.
You hit the orc priest.
The orc priest is almost dead.
The orc priest calls down the wrath of Beogh upon you.
Pain shoots through your body!
You barely miss the orc priest.
The orc priest is almost dead.
The orc priest mumbles some strange prayers to Beogh against you.
Pain shoots through your body!
* * * LOW HITPOINT WARNING * * *
A demonic guardian appears!
You hit the orc priest but do no damage.
The orc priest is almost dead.
The orc priest mumbles some strange prayers to Beogh against you.
Beogh smites you!
You die...

##.....##..........
##....##...........
##..........[......
#...#....#.........
#..†...............
#..................
#....###...........
###### #...#)......
#...@)......
#####o......
5...... .......
#######


You could see an orc priest (ally target) and a friendly iron imp (summoned).

Vanquished Creatures
  A bullfrog zombie (D:3)
  An adder (D:2)
  4 worms (D:2)
  A dart slug (D:1)
  2 orcs (D:3)
  A ball python (D:2)
  2 bats (D:1)
  5 endoplasms
  A giant cockroach (D:1)
  3 hobgoblins
  3 quokkas
  4 frilled lizards
  2 goblins
  2 kobolds (D:1)
  4 rats
36 creatures vanquished.

Notes
Turn   | Place    | Note
-------+----------+-------------------------------------------
     0 | D:1      | Descartes the Demonspawn Monk began the quest for the Orb.
     0 | D:1      | Reached XP level 1. HP: 18/18 MP: 1/1
   230 | D:1      | Reached skill level 1 in Invocations
   264 | D:1      | Gained mutation: You have sharp fingernails. [demonic
                  | ancestry]
   264 | D:1      | Reached XP level 2. HP: 22/24 MP: 2/2
   273 | D:1      | Reached skill level 3 in Axes
   478 | D:1      | Reached skill level 1 in Evocations
  1263 | D:2      | Gained mutation: A weak demonic guardian rushes to your
                  | aid. [demonic ancestry]
  1263 | D:2      | Reached XP level 3. HP: 25/29 MP: 4/4
  1941 | D:3      | Gained mutation: You have very sharp fingernails. [demonic
                  | ancestry]
  1941 | D:3      | Reached XP level 4. HP: 18/35 MP: 5/5
  2175 | D:3      | Reached skill level 4 in Axes
  2186 | D:3      | Killed from afar by an orc priest

Illustrated notes

Levels and vault maps discovered:
D:1:      lightli_arrival_noodles, layout_rooms, minmay_tetromino_i4
D:2:      layout_basic
D:3:      gammafunk_steamed_eel, layout_basic, skrybe_limestone_x

Skill      XL: |  1  2  3  4 |
---------------+-------------+-----
Invocations    | 1 2 |  2.2
Axes           | 3 4 |  4.0
Evocations     | 1 |  1.6
Fighting       | |  3.0
Dodging        | |  2.6
Stealth        | |  1.7

Action                   |  1- 3 |  4- 6 || total
-------------------------+-------+-------++-------
Melee: Hand axe          |   141 |    21 ||   162
 Stab: Sleeping          |     8 |       ||     8
Armor: Robe              |    29 |     3 ||    32
Dodge: Dodged            |   102 |     7 ||   109
